Wolves vs Tamiflu
Created - 1 avril 2013 at 19:12
Goals
|
| Wolves |
2 |
0 |
4 |
6 |
| Tamiflu |
2 |
1 |
2 |
5 |
|
Shots
|
| Wolves |
11 |
9 |
11 |
31 |
| Tamiflu |
7 |
11 |
16 |
34 |
|
1st period
1. Tamiflu , Jani Rita 25 (Mike Brown, Petr Pohl) at 9:32
2. Wolves , Geoff Sanderson 25 (Alexander Perezhogin) at 11:09
3. Tamiflu , Pierre Dagenais 16 (Nate Thompson, David Clarkson) at 15:51 (SH)
4. Wolves , Cody McLeod 10 (Milan Bartovic, Willie Mitchell) at 17:26 (PP)
Penalties :
Nick Spaling (Det) for Unsportsmanlike conduct (Major / Game Misconduct) at 14:43
2nd period
5. Tamiflu , Nate Thompson 28 (Jani Rita, Mike Brown) at 3:45 (PP)
Penalties :
Nathan Davis (Min) for Hooking (Minor) at 2:42, Greg Mauldin (Det) for Hooking (Minor) at 8:56, Chris Neil (Min) for Hooking (Minor) at 14:50
3rd period
6. Wolves , Geoff Sanderson 26 (Alexander Perezhogin, Willie Mitchell) at 3:17
7. Tamiflu , Pierre Dagenais 17 (Tyler Haskins, Freddy Meyer) at 4:30
8. Tamiflu , Jani Rita 26 (Nate Thompson) at 5:42 (PP)
9. Wolves , Petr Kalus 2 (Bruno Gervais, Cody McLeod) at 12:57
10. Wolves , Ethan Moreau 14 (Milan Bartovic, Nathan Davis) at 16:50
11. Wolves , Mike Zigomanis 20 (Bruno Gervais) at 18:20
Penalties :
Bruno Gervais (Min) for Delaying the game (Minor) at 1:04, Nate Guenin (Min) for Interference (Minor) at 5:36, Marc Methot (Min) for Interference (Minor) at 8:11
Goalie Stats
Loïc Lacasse (Min), 29 saves from 34 shots - (0,853), W, 7-2-1, 60:00 minutes
Jussi Markkanen (Det), 25 saves from 31 shots - (0,806), L, 3-11-4, 60:00 minutes
Players Stats for Wolves
Player Name G A P +/- PIM S H SB GA TA FO MP PP MP PK MP
------------------------------------------------------------------------------------
Alexander Perezhogin 0 2 2 1 0 3 0 0 0 0 0/0 16:01 1:49 0:00
Bruno Gervais 0 2 2 1 2 0 0 2 0 1 0/0 18:22 2:58 2:18
Chris Neil 0 0 0 1 2 2 2 0 1 0 2/5 21:53 3:41 3:03
Chris Terry 0 0 0 0 0 0 0 0 0 0 0/0 0:00 0:00 0:00
Cody McLeod 1 1 2 -1 0 1 0 1 0 0 0/0 8:49 1:21 0:59
Dan Fritsche 0 0 0 1 0 3 1 0 0 0 4/10 17:04 1:49 1:03
Ethan Moreau 1 0 1 0 0 2 0 0 1 0 0/0 11:56 0:11 1:41
Geoff Sanderson 2 0 2 1 0 5 0 1 1 0 1/3 17:43 1:49 1:34
Jonas Junland 0 0 0 0 0 0 1 0 0 0 0/0 5:14 0:00 0:00
Kevin Veilleux 0 0 0 0 0 0 0 0 0 0 0/0 0:00 0:00 0:00
Marc Methot 0 0 0 1 2 1 0 0 0 0 0/0 9:50 0:00 1:03
Marc-André Gragnani 0 0 0 0 0 0 0 0 0 0 0/0 5:14 0:00 0:00
Mark Fayne 0 0 0 0 0 0 0 0 0 0 0/0 0:00 0:00 0:00
Matt Gilroy 0 0 0 1 0 1 0 0 0 0 0/0 8:45 0:00 0:00
Mike Sislo 0 0 0 0 0 0 0 0 0 0 0/0 0:00 0:00 0:00
Mike Zigomanis 1 0 1 1 0 3 1 1 0 0 11/27 19:03 3:48 0:07
Milan Bartovic 0 2 2 0 0 1 2 0 0 0 0/0 11:51 1:54 0:00
Nate Guenin 0 0 0 1 2 0 0 0 1 0 0/0 19:17 2:58 3:21
Nathan Davis 0 1 1 1 2 0 0 0 0 0 1/7 11:21 0:00 1:23
Petr Kalus 1 0 1 0 0 1 0 0 0 1 1/1 6:29 0:00 0:00
Philippe Boucher 0 0 0 0 0 3 2 1 1 0 0/0 26:43 4:00 3:45
Stefan Chaput 0 0 0 0 0 0 0 0 0 0 0/0 0:00 0:00 0:00
Tim Crowder 0 0 0 0 0 1 0 0 0 0 0/1 7:13 0:44 0:00
Vyacheslav Kozlov 0 0 0 1 0 3 2 0 1 0 2/3 23:18 3:48 4:22
Willie Mitchell 0 2 2 0 0 1 0 4 0 1 0/0 26:43 4:00 3:45
Players Stats for Tamiflu
Player Name G A P +/- PIM S H SB GA TA FO MP PP MP PK MP
------------------------------------------------------------------------------------
David Clarkson 0 1 1 -1 0 1 2 0 0 0 0/0 12:43 0:00 3:59
Freddy Meyer 0 1 1 -4 0 2 0 1 0 1 0/0 22:07 2:21 4:23
Greg Mauldin 0 0 0 -1 2 1 1 0 0 0 7/12 17:39 2:58 1:26
Jan Mursak 0 0 0 -1 0 0 1 0 0 0 0/0 8:44 0:00 0:00
Jani Rita 2 1 3 1 0 7 1 1 2 0 3/4 22:20 4:21 0:45
Johan Fransson 0 0 0 2 0 0 0 0 0 0 0/0 10:38 0:00 0:17
Jonathan Sigalet 0 0 0 0 0 1 1 2 0 1 0/0 27:15 4:45 2:18
Jordan Hendry 0 0 0 -4 0 2 0 2 0 0 0/0 22:01 2:21 3:58
Kyle Lawson 0 0 0 2 0 0 1 2 0 0 0/0 10:38 0:00 0:17
Mike Brown 0 2 2 0 0 3 2 2 0 0 1/1 23:26 4:08 2:14
Nate Thompson 1 2 3 0 0 5 0 2 1 1 14/28 24:48 4:08 3:55
Nick Spaling 0 0 0 -1 15 0 1 0 0 0 0/0 6:22 0:00 0:00
Pavel Trnka 0 0 0 0 0 2 2 1 0 1 0/0 27:21 4:45 2:43
Petr Pohl 0 1 1 -1 0 2 2 0 0 0 0/0 16:15 2:58 0:00
Pierre Dagenais 2 0 2 0 0 7 0 0 0 0 1/1 11:36 2:40 1:14
Radek Bonk 0 0 0 -1 0 1 1 0 0 2 7/8 13:39 0:00 0:23
Rich Clune 0 0 0 -1 0 0 3 0 0 0 0/1 6:57 0:05 0:00
Tyler Haskins 0 1 1 -1 0 0 0 0 0 0 2/2 8:31 0:00 0:00
3 Stars
1 - Jani Rita (Det)
2 - Geoff Sanderson (Min)
3 - Nate Thompson (Det)
Power Play
Wolves - 1 on 2 Attempt(s) - 50,00%
Tamiflu - 2 on 5 Attempt(s) - 40,00%
Penalty Kill
Wolves - 3 on 5 Attempt(s) - 60,00%
- Score 0 goal in Penalty Kill
Tamiflu - 1 on 2 Attempt(s) - 50,00%
- Score 1 goal in Penalty Kill
Official
Referees : Jackson Dave and O'Halloran Dan
Linesman : Brad Lazarowich and Vaughan Rody
Game Notes
Nick Spaling ejected from game at 14:43 of 1st period
Nick Spaling from Tamiflu is suspended for 1 game(s)
Wolves
5 vs 5 Forward
Center Left Wing Right Wing Time % Phy DF OF
1 Mike Zigomanis Vyacheslav Kozlov Chris Neil 40 1 2 2
2 Dan Fritsche Geoff Sanderson Alexander Perezhogin 30 1 2 2
3 Nathan Davis Ethan Moreau Milan Bartovic 20 1 2 2
4 Petr Kalus Cody McLeod Tim Crowder 10 1 2 2
5 vs 5 Defense
Defense Defense Time % Phy DF OF
1 Philippe Boucher Willie Mitchell 40 1 2 2
2 Nate Guenin Bruno Gervais 30 1 2 2
3 Matt Gilroy Marc Methot 20 1 2 2
4 Jonas Junland Marc-André Gragnani 10 1 2 2
PowerPlay Forward
Center Left Wing Right Wing Time % Phy DF OF
1 Mike Zigomanis Vyacheslav Kozlov Chris Neil 60 1 2 2
2 Dan Fritsche Geoff Sanderson Alexander Perezhogin 40 1 2 2
PowerPlay Defense
Defense Defense Time % Phy DF OF
1 Philippe Boucher Willie Mitchell 60 1 2 2
2 Nate Guenin Bruno Gervais 40 1 2 2
Penalty Kill 4 Players Forward
Center Wing Time % Phy DF OF
1 Chris Neil Vyacheslav Kozlov 60 1 2 2
2 Geoff Sanderson Ethan Moreau 40 1 2 2
Penalty Kill 4 Players Defense
Defense Defense Time % Phy DF OF
1 Philippe Boucher Willie Mitchell 60 1 2 2
2 Nate Guenin Bruno Gervais 40 1 2 2
Penalty Kill - 3 Players Forward
Forward Time % Phy DF OF
1 Chris Neil 60 1 2 2
2 Vyacheslav Kozlov 40 1 2 2
Penalty Kill - 3 Players Defense
Defense Defense Time % Phy DF OF
1 Philippe Boucher Willie Mitchell 60 1 2 2
2 Nate Guenin Bruno Gervais 40 1 2 2
4 vs 4 Forward
Center Wing Time % Phy DF OF
1 Chris Neil Vyacheslav Kozlov 60 1 2 2
2 Geoff Sanderson Ethan Moreau 40 1 2 2
4 vs 4 Defense
Defense Defense Time % Phy DF OF
1 Philippe Boucher Willie Mitchell 60 1 2 2
2 Nate Guenin Bruno Gervais 40 1 2 2
Last Minutes Offensive
Center Left Wing Right Wing Defense Defense
Mike Zigomanis Vyacheslav Kozlov Chris Neil Philippe Boucher Willie Mitchell
Last Minutes Defensive
Center Left Wing Right Wing Defense Defense
Mike Zigomanis Vyacheslav Kozlov Chris Neil Philippe Boucher Willie Mitchell
Goaltenders
Starting : Loïc Lacasse
Backup : Eddie Lack
Extra Forwards
Normal : Milan Bartovic, Cody McLeod, Nathan Davis - PP : Milan Bartovic, Cody McLeod - PK : Nathan Davis
Extra Defensemen
Normal : Matt Gilroy, Marc Methot, Jonas Junland - PP : Matt Gilroy - PK : Marc Methot, Jonas Junland
Penalty Shots
Chris Neil, Vyacheslav Kozlov, Geoff Sanderson, Ethan Moreau, Alexander Perezhogin
Tamiflu
5 vs 5 Forward
Center Left Wing Right Wing Time % Phy DF OF
1 Nate Thompson Jani Rita Mike Brown 40 0 1 4
2 Radek Bonk Nick Spaling Petr Pohl 30 0 1 4
3 Greg Mauldin Jan Mursak David Clarkson 20 0 2 3
4 Tyler Haskins Rich Clune Pierre Dagenais 10 0 3 2
5 vs 5 Defense
Defense Defense Time % Phy DF OF
1 Jonathan Sigalet Pavel Trnka 40 0 2 3
2 Freddy Meyer Jordan Hendry 30 0 2 3
3 Johan Fransson Kyle Lawson 20 0 3 2
4 Jonathan Sigalet Pavel Trnka 10 0 2 3
PowerPlay Forward
Center Left Wing Right Wing Time % Phy DF OF
1 Nate Thompson Jani Rita Mike Brown 60 0 1 4
2 Greg Mauldin Nick Spaling Petr Pohl 40 0 1 4
PowerPlay Defense
Defense Defense Time % Phy DF OF
1 Jonathan Sigalet Pavel Trnka 60 0 2 3
2 Freddy Meyer Jordan Hendry 40 0 2 3
Penalty Kill 4 Players Forward
Center Wing Time % Phy DF OF
1 Nate Thompson David Clarkson 60 0 4 1
2 Greg Mauldin Mike Brown 40 0 4 1
Penalty Kill 4 Players Defense
Defense Defense Time % Phy DF OF
1 Freddy Meyer Pavel Trnka 60 0 4 1
2 Jonathan Sigalet Jordan Hendry 40 0 4 1
Penalty Kill - 3 Players Forward
Forward Time % Phy DF OF
1 Nate Thompson 60 0 4 1
2 Greg Mauldin 40 0 4 1
Penalty Kill - 3 Players Defense
Defense Defense Time % Phy DF OF
1 Freddy Meyer Pavel Trnka 60 0 4 1
2 Jonathan Sigalet Jordan Hendry 40 0 4 1
4 vs 4 Forward
Center Wing Time % Phy DF OF
1 Nate Thompson Jani Rita 60 0 2 3
2 Greg Mauldin Petr Pohl 40 0 2 3
4 vs 4 Defense
Defense Defense Time % Phy DF OF
1 Jonathan Sigalet Pavel Trnka 60 0 2 3
2 Freddy Meyer Jordan Hendry 40 0 2 3
Last Minutes Offensive
Center Left Wing Right Wing Defense Defense
Nate Thompson Jani Rita Mike Brown Jonathan Sigalet Pavel Trnka
Last Minutes Defensive
Center Left Wing Right Wing Defense Defense
Nate Thompson Jani Rita David Clarkson Freddy Meyer Pavel Trnka
Goaltenders
Starting : Jussi Markkanen
Backup : Corey Crawford
Extra Forwards
Normal : Greg Mauldin, Tyler Haskins, Pierre Dagenais - PP : Pierre Dagenais, Greg Mauldin - PK : Pierre Dagenais
Extra Defensemen
Normal : Kyle Lawson, Jordan Hendry, Pavel Trnka - PP : Jordan Hendry - PK : Jordan Hendry, Kyle Lawson
Penalty Shots
Nate Thompson, Pierre Dagenais, Radek Bonk, Jani Rita, Greg Mauldin
% Time on Ice - Wolves
Lines # - Real PCT - Wanted PCT - Time Play
Normal Forward
1 - 32% - 40% - 14:11
2 - 32% - 30% - 14:20
3 - 22% - 20% - 9:56
4 - 14% - 10% - 6:29
Normal Defense
1 - 40% - 40% - 17:58
2 - 29% - 30% - 12:59
3 - 19% - 20% - 8:45
4 - 12% - 10% - 5:14
PP Forward
1 - 74% - 60% - 5:09
2 - 26% - 40% - 1:49
PP Defense
1 - 57% - 60% - 4:00
2 - 43% - 40% - 2:58
PK Forward
1 - 78% - 60% - 5:32
2 - 22% - 40% - 1:34
PK Defense
1 - 53% - 60% - 3:45
2 - 47% - 40% - 3:21
PK3 Forward
1 - 0% - 60%
2 - 0% - 40%
PK3 Defense
1 - 0% - 60%
2 - 0% - 40%
44 Forward
1 - 0% - 60%
2 - 0% - 40%
44 Defense
1 - 0% - 60%
2 - 0% - 40%
Last Minute Offensive - 0:00
Last Minute Defensive - 1:00
Total
Forward - 60:00
Defense - 60:00
|
% Time on Ice - Tamiflu
Lines # - Real PCT - Wanted PCT - Time Play
Normal Forward
1 - 35% - 40% - 15:44
2 - 30% - 30% - 13:36
3 - 19% - 20% - 8:44
4 - 15% - 10% - 6:51
Normal Defense
1 - 41% - 40% - 18:35
2 - 35% - 30% - 15:42
3 - 22% - 20% - 9:42
4 - 2% - 10% - 0:56
PP Forward
1 - 58% - 60% - 4:08
2 - 42% - 40% - 2:58
PP Defense
1 - 67% - 60% - 4:45
2 - 33% - 40% - 2:21
PK Forward
1 - 68% - 60% - 4:44
2 - 32% - 40% - 2:14
PK Defense
1 - 67% - 60% - 4:40
2 - 33% - 40% - 2:18
PK3 Forward
1 - 0% - 60%
2 - 0% - 40%
PK3 Defense
1 - 0% - 60%
2 - 0% - 40%
44 Forward
1 - 0% - 60%
2 - 0% - 40%
44 Defense
1 - 0% - 60%
2 - 0% - 40%
Last Minute Offensive - 1:01
Last Minute Defensive - 0:00
Total
Forward - 60:00
Defense - 60:00
|
Play by Play
1st period
0:01 of 1st period - Nate Thompson wins face-off versus Vyacheslav Kozlov in neutral zone.
1:36 of 1st period - Slapshot by Mike Zigomanis.
1:36 of 1st period - Stopped by Jussi Markkanen with a rebound.
1:38 of 1st period - Slapshot by Matt Gilroy.
1:38 of 1st period - Stopped by Jussi Markkanen with a rebound.
1:52 of 1st period - Dan Fritsche is hit by Kyle Lawson and loses puck.
4:22 of 1st period - Willie Mitchell is hit by Pavel Trnka and loses puck.
4:39 of 1st period - Snap shot by Geoff Sanderson.
4:39 of 1st period - Stopped by Jussi Markkanen without a rebound.
4:40 of 1st period - Dan Fritsche wins face-off versus Radek Bonk in Tamiflu zone.
4:51 of 1st period - Marc-André Gragnani is hit by Pavel Trnka and loses puck.
5:10 of 1st period - Snap shot by Chris Neil.
5:10 of 1st period - Shot Blocked by Nate Thompson.
5:12 of 1st period - Slapshot by Marc Methot.
5:12 of 1st period - Stopped by Jussi Markkanen with a rebound.
5:14 of 1st period - Slapshot by Matt Gilroy.
5:14 of 1st period - Shot Misses the Net.
5:50 of 1st period - Snap shot by Ethan Moreau.
5:50 of 1st period - Shot Blocked by Jordan Hendry.
6:12 of 1st period - Nick Spaling is hit by Jonas Junland and loses puck.
6:39 of 1st period - Nate Thompson is hit by Mike Zigomanis and loses puck.
8:00 of 1st period - Geoff Sanderson is hit by Jan Mursak and loses puck.
9:32 of 1st period - Snap shot by Jani Rita.
9:32 of 1st period - Goal by Jani Rita - Wolves : 0 - Tamiflu : 1.
9:33 of 1st period - Nate Thompson wins face-off versus Mike Zigomanis in neutral zone.
9:48 of 1st period - Slapshot by Jani Rita.
9:48 of 1st period - Stopped by Loïc Lacasse with a rebound.
10:16 of 1st period - Icing by Jordan Hendry.
10:17 of 1st period - Radek Bonk wins face-off versus Nathan Davis in Tamiflu zone.
10:17 of 1st period - Radek Bonk is hit by Milan Bartovic.
10:31 of 1st period - Wrist shot by Milan Bartovic.
10:31 of 1st period - Shot Hit the Post.
10:33 of 1st period - Snap shot by Milan Bartovic.
10:33 of 1st period - Shot Misses the Net.
11:09 of 1st period - Snap shot by Geoff Sanderson.
11:09 of 1st period - Goal by Geoff Sanderson - Wolves : 1 - Tamiflu : 1.
11:10 of 1st period - Vyacheslav Kozlov wins face-off versus Nate Thompson in neutral zone.
11:37 of 1st period - Wrist shot by Radek Bonk.
11:37 of 1st period - Shot Misses the Net.
11:39 of 1st period - Wrist shot by Radek Bonk.
11:39 of 1st period - Shot Blocked by Willie Mitchell.
11:41 of 1st period - Slapshot by Kyle Lawson.
11:41 of 1st period - Deflect By Petr Pohl.
11:41 of 1st period - Stopped by Loïc Lacasse with a rebound.
11:43 of 1st period - Snap shot by Radek Bonk.
11:43 of 1st period - Stopped by Loïc Lacasse without a rebound.
11:44 of 1st period - Radek Bonk wins face-off versus Geoff Sanderson in Wolves zone.
11:47 of 1st period - Snap shot by Nick Spaling.
11:47 of 1st period - Shot Misses the Net.
11:50 of 1st period - Icing by Matt Gilroy.
11:51 of 1st period - Radek Bonk wins face-off versus Dan Fritsche in Wolves zone.
11:52 of 1st period - Snap shot by Petr Pohl.
11:52 of 1st period - Shot Blocked by Geoff Sanderson.
12:51 of 1st period - Wrist shot by Alexander Perezhogin.
12:51 of 1st period - Stopped by Jussi Markkanen with a rebound.
12:53 of 1st period - Snap shot by Geoff Sanderson.
12:53 of 1st period - Shot Misses the Net.
12:55 of 1st period - Wrist shot by Dan Fritsche.
12:55 of 1st period - Shot Misses the Net.
12:57 of 1st period - Snap shot by Alexander Perezhogin.
12:57 of 1st period - Stopped by Jussi Markkanen with a rebound.
13:01 of 1st period - Slapshot by Alexander Perezhogin.
13:01 of 1st period - Shot Blocked by Jonathan Sigalet.
13:19 of 1st period - Alexander Perezhogin is hit by Petr Pohl and loses puck.
13:38 of 1st period - Backhand shot by Geoff Sanderson.
13:38 of 1st period - Stopped by Jussi Markkanen with a rebound.
13:40 of 1st period - Slapshot by Geoff Sanderson.
13:40 of 1st period - Deflect By Alexander Perezhogin.
13:40 of 1st period - Stopped by Jussi Markkanen with a rebound.
14:29 of 1st period - Geoff Sanderson is hit by Nick Spaling and loses puck.
14:43 of 1st period - Major / Game Misconduct Penalty to Nick Spaling for Unsportsmanlike conduct.
14:43 of 1st period - Nick Spaling is ejected from game.
14:44 of 1st period - Mike Zigomanis wins face-off versus Nate Thompson in Tamiflu zone.
15:51 of 1st period - Snap shot by Pierre Dagenais.
15:51 of 1st period - Goal by Pierre Dagenais - Wolves : 1 - Tamiflu : 2.
15:52 of 1st period - Mike Zigomanis wins face-off versus Nate Thompson in neutral zone.
16:32 of 1st period - Backhand shot by Mike Brown.
16:32 of 1st period - Shot Misses the Net.
16:40 of 1st period - Slapshot by Greg Mauldin.
16:40 of 1st period - Stopped by Loïc Lacasse without a rebound.
16:41 of 1st period - Nate Thompson wins face-off versus Mike Zigomanis in Wolves zone.
17:08 of 1st period - Wrist shot by Cody McLeod.
17:08 of 1st period - Shot Misses the Net.
17:10 of 1st period - Wrist shot by Philippe Boucher.
17:10 of 1st period - Shot Misses the Net.
17:12 of 1st period - Snap shot by Willie Mitchell.
17:12 of 1st period - Stopped by Jussi Markkanen without a rebound.
17:13 of 1st period - Greg Mauldin wins face-off versus Tim Crowder in Tamiflu zone.
17:26 of 1st period - Snap shot by Cody McLeod.
17:26 of 1st period - Goal by Cody McLeod - Wolves : 2 - Tamiflu : 2.
17:27 of 1st period - Nate Thompson wins face-off versus Mike Zigomanis in neutral zone.
18:54 of 1st period - Wrist shot by Pierre Dagenais.
18:54 of 1st period - Stopped by Loïc Lacasse with a rebound.
19:43 of 1st period - Penalty to Nick Spaling is over, Pierre Dagenais is send on ice.
2nd period
0:01 of 2nd period - Mike Zigomanis wins face-off versus Nate Thompson in neutral zone.
0:04 of 2nd period - Snap shot by Vyacheslav Kozlov.
0:04 of 2nd period - Stopped by Jussi Markkanen without a rebound.
0:05 of 2nd period - Nate Thompson wins face-off versus Mike Zigomanis in Tamiflu zone.
0:40 of 2nd period - Wrist shot by David Clarkson.
0:40 of 2nd period - Stopped by Loïc Lacasse without a rebound.
0:41 of 2nd period - Mike Zigomanis wins face-off versus Greg Mauldin in Wolves zone.
0:52 of 2nd period - Nate Guenin is hit by David Clarkson and loses puck.
2:06 of 2nd period - Slapshot by Cody McLeod.
2:06 of 2nd period - Shot Blocked by Kyle Lawson.
2:10 of 2nd period - Wrist shot by Cody McLeod.
2:10 of 2nd period - Shot Blocked by Mike Brown.
2:42 of 2nd period - Minor Penalty to Nathan Davis for Hooking.
2:43 of 2nd period - Chris Neil wins face-off versus Nate Thompson in Wolves zone.
2:52 of 2nd period - Backhand shot by Nate Thompson.
2:52 of 2nd period - Stopped by Loïc Lacasse with a rebound.
3:02 of 2nd period - Chris Neil is hit by Mike Brown.
3:45 of 2nd period - Wrist shot by Nate Thompson.
3:45 of 2nd period - Goal by Nate Thompson - Wolves : 2 - Tamiflu : 3.
3:46 of 2nd period - Greg Mauldin wins face-off versus Mike Zigomanis in neutral zone.
3:50 of 2nd period - Off-side.
3:51 of 2nd period - Mike Zigomanis wins face-off versus Greg Mauldin in neutral zone.
4:41 of 2nd period - Snap shot by Dan Fritsche.
4:41 of 2nd period - Stopped by Jussi Markkanen with a rebound.
4:43 of 2nd period - Wrist shot by Dan Fritsche.
4:43 of 2nd period - Stopped by Jussi Markkanen with a rebound.
4:45 of 2nd period - Slapshot by Bruno Gervais.
4:45 of 2nd period - Deflect By Dan Fritsche.
4:45 of 2nd period - Stopped by Jussi Markkanen with a rebound.
5:15 of 2nd period - Pavel Trnka is hit by Vyacheslav Kozlov and loses puck.
5:52 of 2nd period - Mike Brown is hit by Dan Fritsche and loses puck.
8:13 of 2nd period - Geoff Sanderson is hit by Jonathan Sigalet and loses puck.
8:38 of 2nd period - Icing by Jonathan Sigalet.
8:39 of 2nd period - Mike Zigomanis wins face-off versus Nate Thompson in Tamiflu zone.
8:56 of 2nd period - Minor Penalty to Greg Mauldin for Hooking.
8:57 of 2nd period - Nate Thompson wins face-off versus Mike Zigomanis in Tamiflu zone.
9:12 of 2nd period - Mike Zigomanis is hit by David Clarkson and loses puck.
10:56 of 2nd period - Penalty to Greg Mauldin is over, Greg Mauldin is back on ice.
11:19 of 2nd period - Snap shot by Tyler Haskins.
11:19 of 2nd period - Shot Misses the Net.
11:21 of 2nd period - Wrist shot by Pierre Dagenais.
11:21 of 2nd period - Shot Misses the Net.
12:01 of 2nd period - Vyacheslav Kozlov is hit by Rich Clune and loses puck.
12:14 of 2nd period - Slapshot by Greg Mauldin.
12:14 of 2nd period - Shot Blocked by Cody McLeod.
13:31 of 2nd period - Snap shot by Freddy Meyer.
13:31 of 2nd period - Stopped by Loïc Lacasse with a rebound.
14:31 of 2nd period - Jonathan Sigalet is hit by Philippe Boucher and loses puck.
14:41 of 2nd period - Icing by Dan Fritsche.
14:42 of 2nd period - Tyler Haskins wins face-off versus Dan Fritsche in Wolves zone.
14:43 of 2nd period - Snap shot by Pierre Dagenais.
14:43 of 2nd period - Stopped by Loïc Lacasse with a rebound.
14:50 of 2nd period - Minor Penalty to Chris Neil for Hooking.
14:51 of 2nd period - Nate Thompson wins face-off versus Nathan Davis in Wolves zone.
15:22 of 2nd period - Wrist shot by Pierre Dagenais.
15:22 of 2nd period - Stopped by Loïc Lacasse with a rebound.
15:24 of 2nd period - Snap shot by Petr Pohl.
15:24 of 2nd period - Shot Misses the Net.
15:26 of 2nd period - Backhand shot by Jonathan Sigalet.
15:26 of 2nd period - Stopped by Loïc Lacasse without a rebound.
15:27 of 2nd period - Nate Thompson wins face-off versus Dan Fritsche in Wolves zone.
15:28 of 2nd period - Wrist shot by Mike Brown.
15:28 of 2nd period - Stopped by Loïc Lacasse with a rebound.
15:30 of 2nd period - Snap shot by Nate Thompson.
15:30 of 2nd period - Stopped by Loïc Lacasse with a rebound.
15:32 of 2nd period - Slapshot by Jordan Hendry.
15:32 of 2nd period - Shot Misses the Net.
15:34 of 2nd period - Backhand shot by Freddy Meyer.
15:34 of 2nd period - Stopped by Loïc Lacasse with a rebound.
15:36 of 2nd period - Wrist shot by Jani Rita.
15:36 of 2nd period - Deflect By Nate Thompson.
15:36 of 2nd period - Stopped by Loïc Lacasse with a rebound.
15:38 of 2nd period - Slapshot by Jani Rita.
15:38 of 2nd period - Shot Misses the Net.
15:40 of 2nd period - Wrist shot by Nate Thompson.
15:40 of 2nd period - Shot Misses the Net.
16:50 of 2nd period - Penalty to Chris Neil is over, Chris Neil is back on ice.
17:29 of 2nd period - Marc-André Gragnani is hit by Petr Pohl and loses puck.
17:40 of 2nd period - Snap shot by Geoff Sanderson.
17:40 of 2nd period - Stopped by Jussi Markkanen without a rebound.
17:41 of 2nd period - Dan Fritsche wins face-off versus Rich Clune in Tamiflu zone.
17:42 of 2nd period - Slapshot by Philippe Boucher.
17:42 of 2nd period - Deflect By Pierre Dagenais.
17:42 of 2nd period - Stopped by Jussi Markkanen without a rebound.
17:43 of 2nd period - Tyler Haskins wins face-off versus Dan Fritsche in Tamiflu zone.
17:48 of 2nd period - Slapshot by Jonathan Sigalet.
17:48 of 2nd period - Shot Blocked by Willie Mitchell.
17:50 of 2nd period - Slapshot by Pavel Trnka.
17:50 of 2nd period - Shot Misses the Net.
17:58 of 2nd period - Wrist shot by Pierre Dagenais.
17:58 of 2nd period - Shot Misses the Net.
18:13 of 2nd period - Snap shot by Ethan Moreau.
18:13 of 2nd period - Stopped by Jussi Markkanen without a rebound.
18:14 of 2nd period - Nate Thompson wins face-off versus Nathan Davis in Tamiflu zone.
19:27 of 2nd period - Wrist shot by Alexander Perezhogin.
19:27 of 2nd period - Shot Misses the Net.
19:43 of 2nd period - Wrist shot by Philippe Boucher.
19:43 of 2nd period - Stopped by Jussi Markkanen with a rebound.
19:45 of 2nd period - Snap shot by Petr Kalus.
19:45 of 2nd period - Shot Misses the Net.
19:47 of 2nd period - Snap shot by Cody McLeod.
19:47 of 2nd period - Deflect By Tim Crowder.
19:47 of 2nd period - Shot Blocked by Jonathan Sigalet.
19:47 of 2nd period - Puck is out of play.
19:48 of 2nd period - Petr Kalus wins face-off versus Greg Mauldin in Tamiflu zone.
19:51 of 2nd period - Snap shot by Philippe Boucher.
19:51 of 2nd period - Shot Misses the Net.
19:53 of 2nd period - Slapshot by Tim Crowder.
19:53 of 2nd period - Stopped by Jussi Markkanen without a rebound.
19:54 of 2nd period - Nate Thompson wins face-off versus Mike Zigomanis in Tamiflu zone.
3rd period
0:01 of 3rd period - Jani Rita wins face-off versus Mike Zigomanis in neutral zone.
0:03 of 3rd period - Jonathan Sigalet is hit by Chris Neil and loses puck.
0:14 of 3rd period - Wrist shot by Chris Neil.
0:14 of 3rd period - Stopped by Jussi Markkanen without a rebound.
0:15 of 3rd period - Jani Rita wins face-off versus Mike Zigomanis in Tamiflu zone.
0:22 of 3rd period - Slapshot by Pavel Trnka.
0:22 of 3rd period - Stopped by Loïc Lacasse without a rebound.
0:23 of 3rd period - Vyacheslav Kozlov wins face-off versus Nate Thompson in Wolves zone.
0:36 of 3rd period - Snap shot by Vyacheslav Kozlov.
0:36 of 3rd period - Stopped by Jussi Markkanen without a rebound.
0:37 of 3rd period - Mike Zigomanis wins face-off versus Nate Thompson in Tamiflu zone.
0:38 of 3rd period - Snap shot by Vyacheslav Kozlov.
0:38 of 3rd period - Shot Misses the Net.
1:02 of 3rd period - Greg Mauldin is hit by Philippe Boucher and loses puck.
1:04 of 3rd period - Minor Penalty to Bruno Gervais for Delaying the game.
1:05 of 3rd period - Nate Thompson wins face-off versus Chris Neil in Wolves zone.
1:37 of 3rd period - Snap shot by Pierre Dagenais.
1:37 of 3rd period - Stopped by Loïc Lacasse without a rebound.
1:38 of 3rd period - Geoff Sanderson wins face-off versus Jani Rita in Wolves zone.
2:13 of 3rd period - Snap shot by Pierre Dagenais.
2:13 of 3rd period - Stopped by Loïc Lacasse with a rebound.
3:04 of 3rd period - Penalty to Bruno Gervais is over, Bruno Gervais is back on ice.
3:17 of 3rd period - Snap shot by Geoff Sanderson.
3:17 of 3rd period - Goal by Geoff Sanderson - Wolves : 3 - Tamiflu : 3.
3:18 of 3rd period - Mike Zigomanis wins face-off versus Nate Thompson in neutral zone.
3:21 of 3rd period - Snap shot by Chris Neil.
3:21 of 3rd period - Stopped by Jussi Markkanen with a rebound.
3:43 of 3rd period - Jonathan Sigalet is hit by Milan Bartovic and loses puck.
3:52 of 3rd period - Snap shot by Milan Bartovic.
3:52 of 3rd period - Stopped by Jussi Markkanen without a rebound.
3:53 of 3rd period - Radek Bonk wins face-off versus Mike Zigomanis in Tamiflu zone.
3:58 of 3rd period - Nate Guenin is hit by Radek Bonk and loses puck.
4:19 of 3rd period - Dan Fritsche is hit by Rich Clune and loses puck.
4:28 of 3rd period - Slapshot by Pierre Dagenais.
4:28 of 3rd period - Shot Hit the Post.
4:30 of 3rd period - Snap shot by Pierre Dagenais.
4:30 of 3rd period - Goal by Pierre Dagenais - Wolves : 3 - Tamiflu : 4.
4:31 of 3rd period - Mike Zigomanis wins face-off versus Nate Thompson in neutral zone.
5:00 of 3rd period - Off-side.
5:01 of 3rd period - Dan Fritsche wins face-off versus Nate Thompson in neutral zone.
5:32 of 3rd period - Wrist shot by Radek Bonk.
5:32 of 3rd period - Shot Misses the Net.
5:34 of 3rd period - Snap shot by Petr Pohl.
5:34 of 3rd period - Stopped by Loïc Lacasse with a rebound.
5:36 of 3rd period - Wrist shot by Jordan Hendry.
5:36 of 3rd period - Stopped by Loïc Lacasse without a rebound.
5:36 of 3rd period - Minor Penalty to Nate Guenin for Interference.
5:37 of 3rd period - Nate Thompson wins face-off versus Chris Neil in Wolves zone.
5:38 of 3rd period - Snap shot by Jani Rita.
5:38 of 3rd period - Shot Blocked by Philippe Boucher.
5:42 of 3rd period - Snap shot by Jani Rita.
5:42 of 3rd period - Goal by Jani Rita - Wolves : 3 - Tamiflu : 5.
5:43 of 3rd period - Nate Thompson wins face-off versus Mike Zigomanis in neutral zone.
5:55 of 3rd period - Wrist shot by Mike Brown.
5:55 of 3rd period - Shot Misses the Net.
5:59 of 3rd period - Snap shot by Jani Rita.
5:59 of 3rd period - Stopped by Loïc Lacasse without a rebound.
6:00 of 3rd period - Greg Mauldin wins face-off versus Dan Fritsche in Wolves zone.
6:10 of 3rd period - Icing by Willie Mitchell.
6:11 of 3rd period - Dan Fritsche wins face-off versus Nate Thompson in Wolves zone.
6:18 of 3rd period - Snap shot by Philippe Boucher.
6:18 of 3rd period - Shot Blocked by Pavel Trnka.
6:37 of 3rd period - Off-side.
6:38 of 3rd period - Radek Bonk wins face-off versus Chris Neil in neutral zone.
6:40 of 3rd period - Off-side.
6:41 of 3rd period - Mike Brown wins face-off versus Mike Zigomanis in neutral zone.
6:56 of 3rd period - Wrist shot by Jani Rita.
6:56 of 3rd period - Shot Misses the Net.
7:28 of 3rd period - Wrist shot by Milan Bartovic.
7:28 of 3rd period - Shot Blocked by Jordan Hendry.
7:34 of 3rd period - Snap shot by Radek Bonk.
7:34 of 3rd period - Shot Misses the Net.
7:36 of 3rd period - Snap shot by Radek Bonk.
7:36 of 3rd period - Shot Misses the Net.
7:38 of 3rd period - Wrist shot by Tyler Haskins.
7:38 of 3rd period - Shot Blocked by Willie Mitchell.
7:52 of 3rd period - Wrist shot by Vyacheslav Kozlov.
7:52 of 3rd period - Shot Misses the Net.
7:54 of 3rd period - Snap shot by Philippe Boucher.
7:54 of 3rd period - Shot Misses the Net.
7:56 of 3rd period - Snap shot by Vyacheslav Kozlov.
7:56 of 3rd period - Shot Blocked by Jani Rita.
7:58 of 3rd period - Wrist shot by Chris Neil.
7:58 of 3rd period - Shot Blocked by Nate Thompson.
8:11 of 3rd period - Minor Penalty to Marc Methot for Interference.
8:12 of 3rd period - Chris Neil wins face-off versus Greg Mauldin in Wolves zone.
8:12 of 3rd period - Chris Neil is hit by Greg Mauldin.
8:25 of 3rd period - Wrist shot by Pavel Trnka.
8:25 of 3rd period - Shot Blocked by Willie Mitchell.
8:27 of 3rd period - Slapshot by Pavel Trnka.
8:27 of 3rd period - Stopped by Loïc Lacasse with a rebound.
8:55 of 3rd period - Nate Thompson is hit by Chris Neil and loses puck.
9:09 of 3rd period - Icing by Petr Pohl.
9:10 of 3rd period - Pierre Dagenais wins face-off versus Nathan Davis in Tamiflu zone.
9:45 of 3rd period - Icing by Pierre Dagenais.
9:46 of 3rd period - Greg Mauldin wins face-off versus Geoff Sanderson in Tamiflu zone.
10:11 of 3rd period - Penalty to Marc Methot is over, Marc Methot is back on ice.
10:13 of 3rd period - Snap shot by Mike Brown.
10:13 of 3rd period - Stopped by Loïc Lacasse without a rebound.
10:14 of 3rd period - Jani Rita wins face-off versus Dan Fritsche in Wolves zone.
10:25 of 3rd period - Wrist shot by Mike Brown.
10:25 of 3rd period - Stopped by Loïc Lacasse without a rebound.
10:26 of 3rd period - Mike Zigomanis wins face-off versus Nate Thompson in Wolves zone.
11:25 of 3rd period - Nathan Davis is hit by Rich Clune and loses puck.
11:46 of 3rd period - Snap shot by Philippe Boucher.
11:46 of 3rd period - Stopped by Jussi Markkanen without a rebound.
11:47 of 3rd period - Greg Mauldin wins face-off versus Mike Zigomanis in Tamiflu zone.
11:56 of 3rd period - Snap shot by David Clarkson.
11:56 of 3rd period - Shot Blocked by Bruno Gervais.
12:04 of 3rd period - Greg Mauldin is hit by Vyacheslav Kozlov and loses puck.
12:17 of 3rd period - Snap shot by Jani Rita.
12:17 of 3rd period - Stopped by Loïc Lacasse with a rebound.
12:19 of 3rd period - Snap shot by Jonathan Sigalet.
12:19 of 3rd period - Deflect By Jani Rita.
12:19 of 3rd period - Stopped by Loïc Lacasse with a rebound.
12:21 of 3rd period - Snap shot by Jani Rita.
12:21 of 3rd period - Stopped by Loïc Lacasse with a rebound.
12:23 of 3rd period - Snap shot by Jonathan Sigalet.
12:23 of 3rd period - Shot Misses the Net.
12:25 of 3rd period - Snap shot by Nate Thompson.
12:25 of 3rd period - Shot Blocked by Bruno Gervais.
12:53 of 3rd period - Slapshot by Bruno Gervais.
12:53 of 3rd period - Shot Blocked by Freddy Meyer.
12:55 of 3rd period - Slapshot by Petr Kalus.
12:55 of 3rd period - Shot Misses the Net.
12:57 of 3rd period - Wrist shot by Petr Kalus.
12:57 of 3rd period - Goal by Petr Kalus - Wolves : 4 - Tamiflu : 5.
12:58 of 3rd period - Mike Zigomanis wins face-off versus Nate Thompson in neutral zone.
15:06 of 3rd period - Snap shot by Tim Crowder.
15:06 of 3rd period - Deflect By Cody McLeod.
15:06 of 3rd period - Shot Blocked by Kyle Lawson.
15:06 of 3rd period - Puck is out of play.
15:07 of 3rd period - Radek Bonk wins face-off versus Nathan Davis in Tamiflu zone.
15:30 of 3rd period - Ethan Moreau is hit by Mike Brown and loses puck.
15:39 of 3rd period - Snap shot by Nate Thompson.
15:39 of 3rd period - Stopped by Loïc Lacasse without a rebound.
15:40 of 3rd period - Greg Mauldin wins face-off versus Mike Zigomanis in Wolves zone.
15:41 of 3rd period - Slapshot by Jordan Hendry.
15:41 of 3rd period - Stopped by Loïc Lacasse with a rebound.
16:05 of 3rd period - Philippe Boucher is hit by Jani Rita and loses puck.
16:50 of 3rd period - Wrist shot by Ethan Moreau.
16:50 of 3rd period - Goal by Ethan Moreau - Wolves : 5 - Tamiflu : 5.
16:51 of 3rd period - Nathan Davis wins face-off versus Greg Mauldin in neutral zone.
17:06 of 3rd period - Slapshot by Ethan Moreau.
17:06 of 3rd period - Shot Misses the Net.
17:48 of 3rd period - Icing by Vyacheslav Kozlov.
17:49 of 3rd period - Radek Bonk wins face-off versus Mike Zigomanis in Wolves zone.
17:56 of 3rd period - Wrist shot by Radek Bonk.
17:56 of 3rd period - Shot Blocked by Mike Zigomanis.
18:20 of 3rd period - Wrist shot by Mike Zigomanis.
18:20 of 3rd period - Goal by Mike Zigomanis - Wolves : 6 - Tamiflu : 5.
18:21 of 3rd period - Greg Mauldin wins face-off versus Nathan Davis in neutral zone.
18:28 of 3rd period - Slapshot by Greg Mauldin.
18:28 of 3rd period - Shot Misses the Net.
19:27 of 3rd period - Snap shot by Vyacheslav Kozlov.
19:27 of 3rd period - Stopped by Jussi Markkanen with a rebound.
19:29 of 3rd period - Slapshot by Willie Mitchell.
19:29 of 3rd period - Shot Misses the Net.
19:31 of 3rd period - Snap shot by Mike Zigomanis.
19:31 of 3rd period - Shot Misses the Net.
19:33 of 3rd period - Snap shot by Vyacheslav Kozlov.
19:33 of 3rd period - Shot Misses the Net.
19:35 of 3rd period - Slapshot by Philippe Boucher.
19:35 of 3rd period - Shot Blocked by Mike Brown.
19:37 of 3rd period - Snap shot by Mike Zigomanis.
19:37 of 3rd period - Stopped by Jussi Markkanen without a rebound.
19:38 of 3rd period - Mike Sullivan call a timeout for Tamiflu.
19:38 of 3rd period - Nate Thompson wins face-off versus Mike Zigomanis in Tamiflu zone.
Output by the SimonT Hockey Simulator (STHS) for François Prévost -- Original Page W3C XHTML 1.0 Valid